Map: Kairos Junction LE

Players

Parkkatz

  • Race: Zerg Zerg
  • League: Platinum
  • Spawn Location: 5:00

dsplaisted - Winner!

  • Race: Zerg Zerg
  • League: Platinum
  • Spawn Location: 11:00

VOD

Have the link to the VOD?

Description

Time

  • Played on: July 4, 2019, 11:40 a.m.
  • Length: 11:11
Show
View Real Time Build Order
Export as new Build Order

Parkkatz Zerg 

Build Orders: Hatch First 

Get SALT Encoding   

  12  0:01  Drone  
  13  0:14  Overlord  
  13  0:19  Drone  
  14  0:32  Drone x2  
  16  0:39  Drone  
  17  0:48  Drone  
  18  0:59  Hatchery  
  18  1:01  Drone, Extractor  
  17  1:08  Drone  
  18  1:18  Spawning Pool  
  18  1:23  Drone  
  18  1:30  Drone  
  19  1:40  Overlord  
  19  2:06  Zergling x4  
  19  2:08  Queen  
  21  2:12  Queen  
  21  2:14  Zergling x2  
  26  2:16  Drone  
  26  2:21  Metabolic Boost  
  27  2:29  Zergling x4  
  29  2:36  Spine Crawler  
  28  2:37  Drone x2  
  30  2:48  Queen  
  32  2:53  Drone x2  
  32  2:55  Overlord  
  34  3:08  Drone x2  
  36  3:16  Drone x2  
  37  3:24  Drone x3  
  37  3:26  Overlord  
  39  3:28  Drone x3  
  39  3:31  Extractor  
  41  3:39  Drone x2  
  43  3:45  Roach Warren  
  43  3:47  Evolution Chamber  
  41  3:54  Drone x2  
  43  3:55  Extractor  
  43  4:01  Drone  
  43  4:03  Overlord  
  43  4:22  Drone x2, Overlord  
  46  4:24  Drone x2  
  46  4:25  Drone  
  46  4:27  Zerg Missile Weapons Level 1  
  46  4:29  Lair  
  48  4:35  Roach  
  50  4:47  Roach x2  
  50  4:48  Roach x2  
  50  4:50  Drone, Overlord  
  50  4:52  Overlord  
  59  5:06  Overlord x2  
  59  5:09  Roach x2  
  63  5:17  Extractor  
  61  5:24  Roach x5  
  71  5:32  Hatchery  
  71  5:34  Drone x2  
  72  5:37  Drone  
  73  5:44  Roach x4  
  73  5:45  Roach  
  83  6:00  Glial Reconstitution  
  83  6:01  Baneling Nest  
  82  6:08  Roach x4  
  82  6:09  Ravager  
  91  6:13  Overlord  
  91  6:14  Overlord  
  91  6:26  Zerg Missile Weapons Level 2  
  91  6:30  Overlord x3  
  91  6:47  Queen  
  91  6:48  Drone x2  
  91  6:49  Drone x3  
  97  7:00  Hatchery  
  70  7:31  Drone x5, Hydralisk Den  
  70  7:32  Roach x4  
  70  7:33  Roach x3  
  78  7:39  Centrifical Hooks  
  78  7:43  Roach x5  
  80  7:52  Drone x2  
  80  7:53  Roach, Spine Crawler  
  80  7:54  Roach  
  80  7:55  Roach  
  87  8:03  Roach x3  
  87  8:04  Roach  
  95  8:11  Spore Crawler  
  94  8:13  Spore Crawler  
  94  8:14  Spore Crawler, Drone x2  
  94  8:17  Extractor  
  94  8:18  Extractor  
  94  8:19  Overlord  
  92  8:23  Ravager x2  
  92  8:24  Ravager x4  
  98  8:30  Muscular Augments  
  98  8:33  Drone x3  
  101  8:34  Drone  
  101  8:36  Drone  
  101  8:37  Drone  
  104  8:44  Queen  
  106  8:52  Zerg Ground Armor Level 1, Evolution Chamber  
  106  8:54  Drone  
  106  8:55  Drone x2  
  108  8:58  Drone x2  
  109  9:11  Drone x4  
  109  9:12  Drone  
  114  9:23  Drone x2  
  114  9:24  Drone  
  117  9:27  Infestation Pit  
  117  9:29  Drone x2  
  117  9:30  Spore Crawler, Drone  
  117  9:31  Drone x3  
  106  9:43  Roach x9  
  106  9:44  Roach  
  107  9:48  Hydralisk x2  
  101  9:53  Zergling x2  
  101  9:54  Zergling x6  
  101  9:56  Roach  
  107  10:02  Roach  
  107  10:03  Roach x3  
  107  10:07  Roach x3  
  103  10:16  Zergling x8  
  103  10:17  Zergling x6  
  97  10:24  Swarm Host  
  97  10:26  Roach x3  
  97  10:27  Roach  
  96  10:31  Roach x2  
  96  10:32  Roach  
  85  10:39  Roach x3  
  87  10:43  Roach x2  
  87  10:49  Roach  
Show
View Real Time Build Order
Export as new Build Order

dsplaisted Zerg - Winner!

Build Orders: Hatch First, Roach Hydra 

Get SALT Encoding   

  12  0:01  Drone  
  13  0:12  Overlord  
  13  0:18  Drone  
  14  0:30  Drone x2  
  14  0:34  Drone  
  17  0:53  Hatchery  
  17  0:55  Drone  
  17  0:59  Drone  
  18  1:07  Extractor  
  17  1:15  Spawning Pool  
  17  1:17  Drone  
  17  1:20  Drone  
  18  1:28  Drone  
  19  1:38  Overlord  
  19  2:02  Queen  
  19  2:03  Zergling x2  
  19  2:04  Zergling x2  
  19  2:05  Queen  
  19  2:06  Zergling x2  
  26  2:19  Drone x2  
  28  2:31  Drone x2  
  28  2:33  Metabolic Boost  
  30  2:55  Drone x3  
  33  3:05  Overlord  
  33  3:06  Drone x2  
  34  3:23  Drone x2  
  34  3:24  Overlord  
  34  3:25  Overlord  
  36  3:35  Drone x3  
  36  3:39  Queen  
  41  3:45  Baneling Nest  
  40  3:55  Zergling x8  
  44  3:57  Drone x5  
  44  3:58  Drone  
  44  4:00  Extractor  
  44  4:01  Extractor  
  48  4:12  Evolution Chamber  
  47  4:31  Baneling  
  47  4:32  Baneling x3, Roach Warren  
  46  4:47  Lair  
  45  5:05  Zerg Missile Weapons Level 1  
  45  5:19  Drone x2  
  45  5:20  Drone x4  
  45  5:21  Overlord x2  
  51  5:23  Roach  
  51  5:24  Roach x3  
  51  5:27  Hatchery  
  58  5:33  Extractor  
  57  5:58  Drone x3  
  60  6:04  Drone x4  
  60  6:06  Overlord x2  
  60  6:07  Roach x4  
  72  6:23  Queen  
  74  6:30  Glial Reconstitution, Hydralisk Den  
  73  6:42  Roach x9  
  73  6:45  Overlord  
  90  7:04  Roach  
  90  7:05  Roach x4  
  96  7:12  Roach  
  96  7:14  Overlord x2  
  91  7:28  Roach x2  
  79  7:48  Hatchery  
  79  7:49  Zerg Missile Weapons Level 2  
  78  7:52  Grooved Spines  
  78  7:53  Hydralisk  
  78  7:54  Hydralisk x5  
  90  8:06  Hydralisk x6  
  102  8:26  Zergling x8  
  106  8:32  Overlord  
  106  8:33  Overlord  
  105  9:03  Muscular Augments  
  105  9:06  Hydralisk  
  105  9:07  Hydralisk x11  
  129  9:10  Overlord  
  129  9:24  Overlord x4  
  129  9:29  Overseer  
  117  9:40  Roach x7  
  105  9:58  Roach x7  
  113  10:20  Hydralisk x5  
  113  10:22  Roach x3  
  113  10:27  Roach x3  
  113  10:28  Roach  
  125  10:49  Roach  
  133  10:50  Roach x8  
Tags
 
Add a new tag
Caveats
  • Supply blocks, unpowered buildings, or Contaminate may cause inaccurate times.
  • Supply counts are checked every 10 seconds.